 Dungeon Crawl Stone Soup version 0.16.2-12-gd0ad4c3 (webtiles) character file.

205 Seneschal the Covert (level 5, -5/24 HPs)
             Began as a Spriggan Assassin on Sept 22, 2015.
             Slain by Charly's ghost (14 damage)
             ... on level 4 of the Dungeon.
             The game lasted 00:13:46 (3617 turns).

Seneschal the Covert (Spriggan Assassin)            Turns: 3617, Time: 00:13:46

Health: -5/24      AC:  7    Str:  7    XL:     5   Next: 53%
Magic:  10/10      EV: 17    Int: 12    God:
Gold:   175        SH:  0    Dex: 19    Spells: 0 memorised, 4 levels left

rFire  . . .     SeeInvis +     a - +3 dagger
rCold  . . .     Clarity  .     c - +1 robe
rNeg   . . .     SustAb   .     (shield restricted)
rPois  +         Gourm    .     (helmet restricted)
rElec  .         Spirit   .     d - +0 cloak
rCorr  .         Warding  .     (gloves unavailable)
rMut   .         Stasis   .     (boots unavailable)
MR     .....                    (no amulet)
Stlth  +++++.....               n - +3 ring of protection
                                f - ring of poison resistance

@: very quick, not resistant to hostile enchantments, quite stealthy
A: unfitting armour, see invisible, herbivore 3, speed 3, frail 1, slow
metabolism 2, wild magic 1
a: no special abilities


You were on level 4 of the Dungeon.
You were hungry.

You visited 1 branch of the dungeon, and saw 4 of its levels.
You also visited: Sewer.

You collected 175 gold pieces.

Inventory:

Hand weapons
 a - a +3 dagger (weapon)
 b - a +0 blowgun
Missiles
 e - 6 poisoned needles
Armour
 c - a +1 robe (worn)
 d - a +0 cloak (worn)
Jewellery
 f - a ring of poison resistance (left hand)
 n - a +3 ring of protection (right hand)
Scrolls
 m - 4 scrolls of remove curse
 p - a scroll of noise
 q - 3 scrolls of identify
 s - a scroll of immolation
Potions
 h - a potion of curing
 j - 2 potions of flight
Comestibles
 g - a bread ration
 i - a royal jelly


   Skills:
 * Level 2.4 Fighting
 * Level 3.5 Short Blades
 + Level 2.8 Throwing
 - Level 1.5 Dodging
 + Level 8.5 Stealth


You had 4 spell levels left.
You didn't know any spells.

Dungeon Overview and Level Annotations

Branches:
Dungeon (4/15)
 Temple: D:4-7

Altars:
Qazlal
Trog

Annotations:
D:3 Grinder
D:4 Charly's ghost, average HOGl


Innate Abilities, Weirdness & Mutations

You are tiny and cannot use many weapons and most armour.
You have supernaturally acute eyesight.
You are a herbivore.
You cover ground extremely quickly.
You need consume almost no food.
You are frail (-10% HP).
Your spells are a little harder to cast, but a little more powerful.


Message History

Charly's ghost misses you.
You hit Charly's ghost.
Charly's ghost is severely damaged.
Charly's ghost's inner flame fades away.
Charly's ghost hits you.
* * * LOW HITPOINT WARNING * * *
e - 6 poisoned needles (gained 1)
You see here a poisoned needle.
You see here a poisoned needle.
You barely miss Charly's ghost.
Charly's ghost is severely damaged.
Charly's ghost closely misses you.
You hit Charly's ghost but do no damage.
Charly's ghost is severely damaged.
Charly's ghost completely misses you.
You hit Charly's ghost but do no damage.
Charly's ghost is severely damaged.
Charly's ghost hits you!
Ouch! That really hurt!
You die...

#.......(.#.........###...
#.........#.###≈###.###...
#...........#.#≈#.#...#.†(
#........?###.#≈#.###...(.
#.............#≈#........#
####......###.#≈#.###.....
#...?.../#.#≈#.#.......
#........###≈###.......
#.....@W.((.....(#####.
#............##### ##
############## # # ######
#..... #..... #.....
######


You could see Charly's ghost.

Vanquished Creatures
  A big kobold (Sewer)
  A river rat (Sewer)
  4 adders
  A giant mite (D:3)
  3 worms
  A giant gecko (D:2)
  3 orcs
  2 ball pythons (D:1)
  4 giant cockroaches
  5 goblins
  5 hobgoblins
  9 jackals
  3 quokkas
  11 bats
  6 giant newts
  7 kobolds
  12 rats
78 creatures vanquished.

Vanquished Creatures (others)
  A wizard (D:3)
1 creature vanquished.

Grand Total: 79 creatures vanquished

Notes
Turn   | Place    | Note
--------------------------------------------------------------
     0 | D:1      | Seneschal, the Spriggan Assassin, began the quest for the Orb.
     0 | D:1      | Reached XP level 1. HP: 10/10 MP: 2/2
    49 | D:1      | Reached skill level 6 in Stealth
   111 | D:1      | Reached XP level 2. HP: 12/15 MP: 4/4
   923 | D:2      | Reached XP level 3. HP: 18/18 MP: 6/6
  1361 | D:2      | Reached skill level 7 in Stealth
  1630 | D:3      | Reached XP level 4. HP: 20/23 MP: 8/8
  1639 | D:3      | Found a stormy altar of Qazlal.
  1764 | D:3      | Found a glowing drain.
  1960 | Sewer    | Entered a sewer
  2145 | Sewer    | Noticed a big kobold
  2300 | Sewer    | Killed a big kobold
  2300 | Sewer    | Reached skill level 8 in Stealth
  2300 | Sewer    | Reached XP level 5. HP: 8/27 MP: 10/10
  2634 | Sewer    | Found a white marble altar of Elyvilon.
  2759 | D:3      | Found a bloodstained altar of Trog.
  2759 | D:3      | Noticed a wizard
  2767 | D:3      | Killed a wizard
  3016 | D:3      | Noticed Grinder
  3124 | D:3      | Paralysed by Grinder for 2 turns
  3468 | D:4      | Noticed Charly's ghost (average HOGl)
  3585 | D:4      | Gained mutation: Your spells are a little harder to cast, but a little more powerful. [potion of mutation]
  3585 | D:4      | Gained mutation: You are frail (-10% HP). [potion of mutation]
  3617 | D:4      | Slain by Charly's ghost

Action                   |  1- 3 |  4- 6 || total
-------------------------+-------+-------++-------
Melee: Dagger            |    97 |   166 ||   263
 Fire: Blowgun           |     9 |    45 ||    54
  Use: Scroll            |     1 |     6 ||     7
       Potion            |       |     9 ||     9
 Stab: Sleeping          |    15 |     7 ||    22
       Invisible         |       |     1 ||     1
       Distracted        |       |     1 ||     1
